 Dungeon Crawl Stone Soup version 0.17.0-27-g4a3f43e (webtiles) character file.

5366 trolloc1 the Protected (level 10, -17/91 HPs)
             Began as a Minotaur Berserker on Nov 21, 2015.
             Was a High Priest of Trog.
             Demolished by Urug
             ... wielding a +1 war axe of chopping
              (19 damage)
             ... on level 10 of the Dungeon.
             The game lasted 00:19:49 (9290 turns).

trolloc1 the Protected (Minotaur Berserker)         Turns: 9290, Time: 00:19:49

Health: -17/91     AC: 18    Str: 21    XL:     10   Next: 39%
Magic:  18/18      EV: 11    Int:  4    God:    Trog [*****.]
Gold:   308        SH:  0    Dex: 14    Spells: 0 memorised, 9 levels left

rFire  . . .     SeeInvis .     z - +1 mace (holy)
rCold  . . .     Clarity  .     Q - +0 plate armour
rNeg   . . .     SustAt   .     (no shield)
rPois  .         Gourm    .     (helmet restricted)
rElec  .         Spirit   .     k - +0 cloak
rCorr  .         Warding  .     u - +0 pair of gloves
rMut   .         Stasis   +     N - +0 pair of boots
MR     .....                    y - amulet of stasis
Stlth  ..........               s - ring of magical power
                                A - +1 ring of evasion

@: not resistant to hostile enchantments, extremely unstealthy
A: retaliatory headbutt, horns 2
a: Berserk, Trog's Hand, Brothers in Arms, Burn Spellbooks, Renounce Religion


You were on level 10 of the Dungeon.
You worshipped Trog.
Trog was extremely pleased with you.
You were not hungry.

You visited 1 branch of the dungeon, and saw 10 of its levels.

You collected 478 gold pieces.
You spent 170 gold pieces at shops.

Inventory:

Hand Weapons
 z - a +1 mace of holy wrath (weapon)
Armour
 k - a +0 cloak (worn)
 u - a +0 pair of gloves (worn)
 N - a +0 pair of boots (worn)
 Q - a +0 plate armour (worn)
Jewellery
 s - a ring of magical power (right hand)
 y - an amulet of stasis (around neck)
 A - a +1 ring of evasion (left hand)
Wands
 B - a wand of flame (32)
 G - a wand of digging (7)
Scrolls
 a - a scroll of recharging
 h - a scroll of noise
 j - 4 scrolls of enchant weapon {unknown}
 l - a scroll of blinking
 m - 2 scrolls of random uselessness {unknown}
 o - a scroll of fear {unknown}
 p - 3 scrolls of immolation {unknown}
 q - 5 scrolls of amnesia {unknown}
 H - 3 scrolls of remove curse
 I - 2 scrolls of fog {unknown}
 K - 5 scrolls of identify
 O - 3 scrolls of teleportation {unknown}
 S - a scroll of magic mapping {unknown}
Potions
 d - a potion of heal wounds {unknown}
 e - a potion of flight {unknown}
 f - 3 potions of curing {unknown}
 g - a potion of lignification {unknown}
 i - 2 potions of degeneration {unknown}
 n - 2 potions of resistance {unknown}
 r - a potion of magic {unknown}
 t - a potion of cure mutation {unknown}
 v - 3 potions of poison {unknown}
 w - a potion of agility {unknown}
 C - a potion of cancellation {unknown}
 E - a potion of invisibility {unknown}
 L - 2 potions of ambrosia {unknown}
 R - a potion of berserk rage {unknown}
Comestibles
 b - 6 fruits
 c - 8 bread rations
 x - 2 beef jerkies
 D - 10 meat rations
 F - a royal jelly
 P - 2 slices of pizza


   Skills:
 + Level 9.2 Fighting
   Level 2.9(6.9) Axes
 + Level 9.7(9.9) Maces & Flails
   Level 0.2(1.8) Polearms
 + Level 9.9 Armour
 + Level 8.5 Dodging
 + Level 2.0 Stealth


You had 9 spell levels left.
You didn't know any spells.

Dungeon Overview and Level Annotations

Branches:
Dungeon (10/15)            Temple (0/1) D:7            Lair (0/8) D:8
    Orc (0/4) D:10

Altars:
Ashenzari
Cheibriados
Dithmenos
Fedhas
Gozag
Okawaru
Ru
Vehumet
Zin
The Shining One

Shops:
D:4 *   D:5 (   D:6 *

Annotations:
D:10 Urug


Innate Abilities, Weirdness & Mutations

You reflexively headbutt those who attack you in melee.
You have a pair of horns on your head.


Message History

You closely miss Urug.
Urug is heavily wounded.
Urug closely misses you.
You hit Urug but do no damage. You headbutt Urug.
Urug is severely wounded.
Urug hits you with a war axe of chopping.
* * * LOW HITPOINT WARNING * * *
x2 You closely miss Urug.
You headbutt Urug, but do no damage.
Urug is severely wounded.
You closely miss Urug. Your headbutt misses Urug.
Urug is severely wounded.
Urug hits you with a war axe of chopping!
* * * LOW HITPOINT WARNING * * *
x2 You hit Urug.
You headbutt Urug, but do no damage.
Urug is severely wounded.
Urug hits you but does no damage.
You closely miss Urug. Your headbutt misses Urug.
Urug is severely wounded.
Urug hits you with a war axe of chopping!!
You die...

#........ #......# .
#......#
.##########(.....#
................#
................+
...........(....#
..>........(..>.########
................@.......
.................o......
.....#+#####...........#
.....# #............
...†.# #.........#..
.....# #.........# #
....)#######.........#
......................
..........<..


You could see Urug.

Vanquished Creatures
  2 spiny frogs (D:8)
  A two-headed ogre (D:10)
  Eustachio (D:4)
  The ghost of gw the Ruffian, an amateur FoMo (D:3)
  A hungry ghost (D:7)
  3 hippogriffs
  Duvessa (D:7)
  3 orc warriors
  A sky beast (D:7)
  An ice beast (D:6)
  A necrophage (D:9)
  3 ogres
  4 centaurs
  9 big kobolds (D:9)
  6 giant frogs
  Dowan (D:7)
  A scorpion (D:8)
  4 hounds
  3 orc priests
  5 crimson imps
  Crazy Yiuf (D:2)
  2 centaur skeletons
  4 giant frog skeletons
  A giant frog zombie (D:7)
  An iron imp (D:5)
  9 orc wizards
  2 iguanas (D:4)
  10 worker ants
  A worker ant zombie (D:5)
  12 adders
  2 shadow imps
  3 river rats (D:8)
  2 oozes
  An adder skeleton (D:8)
  2 adder zombies
  3 worms
  A giant gecko (D:6)
  35 orcs
  7 giant cockroaches
  8 goblins
  8 hobgoblins
  7 jackals
  14 kobolds
  3 ball pythons
  6 bats
  4 giant newts
  A goblin skeleton (D:5)
  4 hobgoblin zombies (D:5)
  3 kobold zombies (D:5)
  2 orc skeletons (D:5)
  An orc zombie (D:5)
  7 quokkas
  A quokka skeleton (D:5)
  13 rats
233 creatures vanquished.

Notes
Turn   | Place    | Note
--------------------------------------------------------------
     0 | D:1      | trolloc1 the Minotaur Berserker began the quest for the Orb.
     0 | D:1      | Reached XP level 1. HP: 19/19 MP: 0/0
   403 | D:1      | Reached XP level 2. HP: 27/27 MP: 1/1
   563 | D:2      | Reached skill level 4 in Fighting
   758 | D:2      | Reached XP level 3. HP: 31/33 MP: 2/2
   952 | D:2      | Reached ** piety under Trog
   996 | D:2      | Noticed Crazy Yiuf
  1001 | D:2      | Killed Crazy Yiuf
  1001 | D:2      | Reached XP level 4. HP: 12/41 MP: 3/3
  1555 | D:3      | Reached skill level 5 in Maces & Flails
  1683 | D:3      | Found a radiant altar of Vehumet.
  1684 | D:3      | Found a sacrificial altar of Ru.
  1684 | D:3      | Found a shadowy altar of Dithmenos.
  1768 | D:3      | Noticed gw's ghost (amateur FoMo)
  1783 | D:3      | Killed gw's ghost
  1783 | D:3      | Reached XP level 5. HP: 16/47 MP: 4/4
  2255 | D:3      | Found a snail-covered altar of Cheibriados.
  2325 | D:3      | Reached XP level 6. HP: 49/55 MP: 5/5
  2414 | D:3      | Reached *** piety under Trog
  2688 | D:4      | Reached skill level 5 in Fighting
  2688 | D:4      | Reached skill level 6 in Maces & Flails
  2759 | D:4      | Reached skill level 5 in Dodging
  2962 | D:4      | Noticed Eustachio
  2969 | D:4      | Killed Eustachio
  2969 | D:4      | Reached XP level 7. HP: 61/61 MP: 6/6
  3271 | D:4      | Found Darivvap's General Store.
  3618 | D:5      | Entered Level 5 of the Dungeon
  3668 | D:5      | Found a glowing golden altar of the Shining One.
  3741 | D:5      | Found Roghag's Antique Weapon Boutique.
  3763 | D:5      | Bought a twisted trident for 170 gold pieces
  3763 | D:5      | Identified the +1 trident of Anger {flame, rPois rC+ Str-4} (You bought it in a shop on level 5 of the Dungeon)
  3911 | D:5      | Reached skill level 7 in Maces & Flails
  4102 | D:5      | Reached skill level 5 in Armour
  4265 | D:6      | Reached XP level 8. HP: 69/69 MP: 7/7
  4342 | D:6      | Reached **** piety under Trog
  4345 | D:6      | Reached skill level 1 in Stealth
  4443 | D:6      | Found an opulent altar of Gozag.
  4443 | D:6      | Found an iron altar of Okawaru.
  4798 | D:6      | Found a blossoming altar of Fedhas.
  4815 | D:6      | Found Zin's Purification Station.
  4818 | D:6      | Found a glowing silver altar of Zin.
  4944 | D:6      | Reached skill level 1 in Axes
  5558 | D:7      | Reached XP level 9. HP: 78/78 MP: 8/8
  5727 | D:7      | Found a staircase to the Ecumenical Temple.
  5756 | D:7      | Reached skill level 8 in Maces & Flails
  6259 | D:7      | Noticed Dowan
  6265 | D:7      | Killed Dowan
  6266 | D:7      | Noticed Duvessa
  6271 | D:7      | Killed Duvessa
  6939 | D:8      | Noticed a spiny frog
  6941 | D:8      | Noticed a spiny frog
  6948 | D:8      | Killed a spiny frog
  6955 | D:8      | Reached ***** piety under Trog
  6967 | D:8      | Found a staircase to the Lair.
  6974 | D:8      | Killed a spiny frog
  7355 | D:8      | Got a fine hunting sling
  7356 | D:8      | Identified the +7 hunting sling of Xifodirgh {flame, rC+} (You found it on level 8 of the Dungeon)
  7661 | D:8      | Reached skill level 9 in Armour
  7709 | D:8      | Reached XP level 10. HP: 90/90 MP: 9/9
  8126 | D:9      | Found a shattered altar of Ashenzari.
  8438 | D:9      | Received a gift from Trog
  9240 | D:10     | Entered Level 10 of the Dungeon
  9251 | D:10     | Found a staircase to the Orcish Mines.
  9268 | D:10     | Noticed Urug
  9288 | D:10     | HP: 2/91 [Urug/war axe of chopping (13)]
  9290 | D:10     | Demolished by Urug

Action                   |  1- 3 |  4- 6 |  7- 9 | 10-12 || total
-------------------------+-------+-------+-------+-------++-------
Melee: Mace              |    55 |   109 |   260 |   179 ||   603
       Trident           |       |       |     7 |       ||     7
       Broad axe         |       |       |    64 |       ||    64
Invok: Berserk           |       |     3 |     7 |       ||    10
       Burn Spellbooks   |       |       |       |     2 ||     2
       Trog's Hand       |       |       |       |     1 ||     1
  Use: Scroll            |       |       |     6 |       ||     6
  Eat: Chunk             |       |     9 |    26 |     5 ||    40
